 Dungeon Crawl Stone Soup version 0.31.0-32-g396128a36d (webtiles) character file.

Game seed: 15659242227115135447

23424 Minsecho the Carver (level 13, -2/106 HPs)
             Began as a Barachi Warper on Mar 16, 2024.
             Was a High Priest of Okawaru.
             Slain by a cane toad (14 damage)
             ... on level 3 of the Lair of Beasts on Mar 17, 2024.
             The game lasted 00:51:06 (19276 turns).

Minsecho the Carver (Barachi Warper)               Turns: 19276, Time: 00:51:08

Health: -2/106     AC: 13    Str: 13    XL:     13   Next: 6%
Magic:  18/19      EV: 12    Int: 15    God:    Okawaru [*****.]
Gold:   500        SH: 11    Dex: 15    Spells: 11/20 levels left

rFire   . . .        N - +4 short sword (venom)
rCold   . . .        I - +0 buckler
rNeg    . . .        K - +2 scale mail {Will+}
rPois   +            (no helmet)
rElec   .            (no cloak)
rCorr   .            Z - +0 pair of gloves
SInv    .            s - +0 pair of boots
Will    +....        E - amulet of reflection Stlth
                     J - ring of wizardry
HPRegen 0.37/turn    a - ring of poison resistance
MPRegen 0.16/turn

%: reflection, wizardry (x1)
@: lethally poisoned (-2 -> -11), about to teleport, unable to hop, studying
Fighting, slow
A: amphibious, slowness 1, strong legs 2, +LOS
a: Hop, Renounce Religion, Heroism, Finesse, Duel


You were on level 3 of the Lair of Beasts.
You worshipped Okawaru.
Okawaru was extremely pleased with you.
You visited 3 branches of the dungeon, and saw 14 of its levels.
You also visited: Sewer and Bailey.

You collected 881 gold pieces.
You spent 381 gold pieces at shops.

Inventory:

Hand Weapons
 M - a +0 long sword
 N - a +4 short sword of venom (weapon)
 R - a +1 short sword of electrocution
Missiles
 d - 7 darts of dispersal
 e - 3 atropa-tipped darts
 w - 61 poisoned darts
 G - 5 boomerangs (quivered)
 T - 3 silver javelins
Armour
 b - a +1 ring mail of cold resistance
 c - a +0 tower shield of protection
 s - a +0 pair of boots (worn)
 I - a +0 buckler (worn)
 K - a +2 scale mail of willpower (worn)
 U - a +1 leather armour of willpower
 V - a +1 scale mail of poison resistance
 Z - a +0 pair of gloves (worn)
Jewellery
 a - a ring of poison resistance (right hand)
 h - a ring of resist corrosion
 D - the amulet "Tuuzaemme" {Spirit rF+ Will- Int+7 Dex+3}
   (You bought it in a shop on level 1 of the Dungeon)

   [amulet of guardian spirit]

   Spirit:    It causes incoming damage to be divided between your reserves of
   health and magic.
   Int+7:     It affects your intelligence (+7).
   Dex+3:     It affects your dexterity (+3).
   rF+:       It protects you from fire.
   Will-:     It decreases your willpower.
 E - an amulet of reflection (around neck)
 J - a ring of wizardry (left hand)
 Q - a ring of see invisible
Scrolls
 f - 3 scrolls of poison {unknown}
 g - a scroll of acquirement {unknown}
 i - 3 scrolls of enchant armour {unknown}
 l - a scroll of vulnerability {unknown}
 m - a scroll of enchant weapon {unknown}
 o - 2 scrolls of fog {unknown}
 p - 3 scrolls of noise
 v - 2 scrolls of silence
 y - 3 scrolls of immolation
 B - 2 scrolls of revelation {unknown}
 C - a scroll of torment
 L - 4 scrolls of summoning {unknown}
 O - 2 scrolls of brand weapon {unknown}
 S - a scroll of amnesia {unknown}
Potions
 j - 3 potions of magic
 q - 3 potions of haste
 r - a potion of resistance
 t - a potion of might
 x - 2 potions of invisibility {unknown}
 z - 2 potions of lignification
 A - 3 potions of cancellation
 F - a potion of mutation
 H - 3 potions of attraction {unknown}
 W - 3 potions of brilliance {unknown}


   Skills:
 + Level 11.1 Fighting
 * Level 11.8 Long Blades
 + Level 6.6 Throwing
 + Level 10.8 Armour
 + Level 8.3 Dodging
 - Level 0.2 Stealth
 + Level 8.8 Shields
 * Level 4.4 Spellcasting
 + Level 6.5 Translocations
 - Level 4.0 Air Magic
 * Level 6.6 Evocations


You had 11 spell levels left.
You knew the following spells:

 Your Spells              Type           Power      Damage    Failure   Level
a - Blink                 Tloc           46%        N/A       3%          2
b - Teleport Other        Tloc           23%        N/A       6%          3
c - Vhi's Electric Charg  Tloc/Air       38%        N/A       32%         4

Your spell library contained the following spells:

 Spells                   Type           Power      Damage    Failure   Level
 Lesser Beckoning         Tloc           46%        N/A       3%          2
 Gell's Gravitas          Tloc           23%        N/A       6%          3
 Momentum Strike          Conj/Tloc      26%        3d8       12%         2
 Manifold Assault         Tloc           23%        N/A       21%         4
 Passage of Golubria      Tloc           23%        N/A       21%         4
 Volatile Blastmotes      Fire/Tloc      26%        2d12      24%         3
 Cigotuvi's Dreadful Rot  Necr/Alch/Air  14%        N/A       26%         2
 Iskenderun's Mystic Bla  Conj/Tloc      13%        2d5       58%         4
 Ozocubu's Armour         Ice            3%         N/A       63%         3
 Stone Arrow              Conj/Erth      6%         3d7       63%         3
 Dispel Undead            Necr           3%         3d7       95%         4
 Fulminant Prism          Conj/Alch      1%         3d5       95%         4
 Dispersal                Tloc           11%        N/A       95%         6
 Silence                  Hex/Air        4%         N/A       97%         5
 Metabolic Englaciation   Hex/Ice        1%         N/A       100%        5
 Borgnjor's Revivificati  Necr           1%         N/A       100%        8
 Lehudib's Crystal Spear  Conj/Erth      1%         10d2      100%        8
 Death's Door             Necr           1%         N/A       100%        9
 Animate Armour           Summ/Erth      Unusable   N/A       N/A         4
 Martyr's Knell           Necr/Summ      Unusable   N/A       N/A         4
 Death Channel            Necr           Unusable   N/A       N/A         6
 Sculpt Simulacrum        Ice/Alch       Unusable   N/A       N/A         6
 Haunt                    Necr/Summ      Unusable   N/A       N/A         7

Dungeon Overview and Level Annotations

Branches:
Dungeon (10/15)            Temple (1/1) D:6            Lair (3/5) D:8
  Swamp (0/4) Lair:2       Spider (0/4) Lair:2        Sewer (visited)
 Bailey (visited)
    Orc: D:9-12

Altars:
Ashenzari
Cheibriados
Dithmenos
Elyvilon
Fedhas
Gozag
Hepliaklqana
Kikubaaqudgha
Makhleb
Nemelex Xobeh
Okawaru
Qazlal
Ru
Sif Muna
Trog
Uskayaw
Vehumet
Wu Jian
Xom
Yredelemnul
Zin
The Shining One

Shops:
D:1 *?**=

Annotations:
D:4 exclusion: statue
D:8 3 runed translucent doors, Consumeair16's ghost, novice GnBe
D:10 3 runed translucent doors, jkubb29's ghost, novice DsNe


Innate Abilities, Weirdness & Mutations

You are amphibious.
You cover ground slowly.
You can hop long distances.
You have an extended range of vision and can be seen from far away.


Message History

You block the death yak's attack.
Casting: Teleport Other (mildly dangerous; 6% risk of failure)
Confirm with . or Enter, or press ? or * to list all spells.
You blink.
Hop to where?
Press: ? - help, Dir - move target, p - death yak Boing!
Found 6 stones.
You feel ready to blink again.
The cane toad gives a loud, deep croak!
The cane toad stings you. You block the cane toad's attack.
The cane toad barely misses you.
You hit the komodo dragon but do no damage.
The komodo dragon is poisoned.
The cane toad closely misses you.
You hit the komodo dragon but do no damage.
The komodo dragon misses you. The cane toad closely misses you.
You hit the komodo dragon.
The komodo dragon looks as sick as possible!
The komodo dragon is lightly wounded.
The death yak looks more healthy.
The komodo dragon bites you! The cane toad stings you!
Casting: Blink (safe; 3% risk of failure)
Confirm with . or Enter, or press ? or * to list all spells.
You blink.
Found a potion of lignification.
You feel ready to blink again.
Found 21 gold pieces.
Found a bubbling black potion.
The cane toad stings you!
You are poisoned.
The cane toad poisons you!
You feel very sick.
The cane toad attacks as it pursues you!
The cane toad closely misses you. The cane toad stings you!
As you read the scroll of teleportation, it crumbles to dust.
You feel strangely unstable.
You feel very sick. The komodo dragon bites you!!
* * * LOW HITPOINT WARNING * * *
The cane toad stings you!
You die...

### ### ## #.###
##.########P## ....#
#............# ....#
##...........##
....####............P#
..........Y.Y.Yl.!...#
.Y.........####F@...##
.........### ###...#
#.##..<..#### ...#
####......#.## .....
#.......#.# ......#
#.........## ......#
###.##.....# ......#
#########.....#
.....$# ....# #P....##
..!...#


You could see 3 death yaks, a komodo dragon (very poisoned) and a cane toad.

Vanquished Creatures
  2 hydras (Lair:2)
  2 two-headed ogres
  An elephant (Lair:3)
  Joseph (D:9)
  5 black mambas
  A gargoyle (Bailey)
  3 cane toads
  Jeremiah (D:9)
  2 rime drakes
  4 komodo dragons
  A troll (D:6)
  A polar bear (Lair:2)
  A hornet (D:10)
  Prince Ribbit (D:8)
  16 blink frogs
  A vampire (Bailey)
  A shadow (D:8)
  4 wyverns
  27 yaks
  3 basilisks (Lair:1)
  Menkaure (D:6)
  Edmund (D:5)
  5 water moccasins
  2 orc warriors
  3 sky beasts
  A black bear (shapeshifter) (D:10)
  A black bear (D:6)
  5 ice beasts
  3 centaurs (D:9)
  9 wolves (Lair:1)
  2 phantoms
  4 kobold brigands
  9 bullfrogs
  3 gnoll sergeants
  3 scorpions
  3 wights
  11 killer bees
  9 vampire bats (Bailey)
  7 wolf zombies (Bailey)
  A howler monkey (D:4)
  4 bombardier beetles
  2 gnoll boudas
  5 orc priests
  A sleepcap (D:5)
  2 iguanas
  7 orc wizards
  24 gnolls
  15 adders
  A shadow imp (D:7)
  4 white imps
  7 dart slugs
  A ribbon worm (D:5)
  24 orcs
  15 ball pythons
  A bat (D:3)
  16 endoplasms
  23 giant cockroaches
  11 goblins
  7 hobgoblins
  4 jackals
  4 quokkas
  12 frilled lizards
  20 kobolds
  25 orc zombies (Bailey)
  11 rats
407 creatures vanquished.

Vanquished Creatures (others)
  A kobold (D:8)
1 creature vanquished.

Grand Total: 408 creatures vanquished

Notes
Turn   | Place    | Note
-------+----------+-------------------------------------------
     0 | D:1      | Minsecho the Barachi Warper began the quest for the Orb.
     0 | D:1      | Reached XP level 1. HP: 17/17 MP: 3/3
    16 | D:1      | Found Ovoro's Assorted Antiques.
    90 | D:1      | Found Qiarrup's Assorted Antiques.
   109 | D:1      | Reached XP level 2. HP: 21/23 MP: 5/5
   255 | D:1      | Found Hetyun's Jewellery Shoppe.
   409 | D:1      | Found Fodgh's Assorted Antiques.
   417 | D:1      | Reached XP level 3. HP: 28/28 MP: 6/6
   417 | D:1      | Found Irghuptydu's Magic Scroll Shop.
   427 | D:1      | Bought a scroll of teleportation for 33 gold pieces
   783 | D:2      | Noticed a scorpion
   802 | D:2      | Killed a scorpion
   803 | D:2      | Reached XP level 4. HP: 14/35 MP: 7/7
  1048 | D:2      | Reached XP level 5. HP: 41/41 MP: 8/8
  1202 | D:2      | Noticed a phantom
  1240 | D:2      | Killed a phantom
  2022 | D:3      | Reached XP level 6. HP: 47/47 MP: 9/9
  2510 | D:1      | Bought a scorched jade amulet for 140 gold pieces
  2510 | D:1      | Identified the amulet "Tuuzaemme" {Spirit rF+ Will- Int+7
                  | Dex+3} (You bought it in a shop on level 1 of the Dungeon)
  2522 | D:1      | Bought a scroll of identify for 22 gold pieces
  2529 | D:1      | Reached skill level 5 in Dodging
  2529 | D:1      | Reached XP level 7. HP: 63/63 MP: 10/10
  2593 | D:4      | Found a shadowy altar of Dithmenos.
  2628 | D:4      | Found a glowing golden altar of the Shining One.
  3054 | D:4      | Found a radiant altar of Vehumet.
  3287 | D:4      | You fall into a shaft and drop 1 floor!
  3287 | D:5      | Entered Level 5 of the Dungeon
  3291 | D:5      | Learned a level 2 spell: Blink
  3428 | D:5      | Found a glowing drain.
  3494 | D:5      | Reached XP level 8. HP: 40/69 MP: 11/11
  3510 | D:5      | Noticed Edmund
  3728 | D:5      | Killed Edmund
  3769 | Sewer    | Entered a sewer
  4104 | Sewer    | Reached skill level 1 in Shields
  4958 | D:6      | Reached XP level 9. HP: 67/75 MP: 12/12
  5323 | D:6      | Found a staircase to the Ecumenical Temple.
  5332 | Temple   | Entered the Ecumenical Temple
  5345 | Temple   | Became a worshipper of Warmaster Okawaru
  5429 | D:6      | Reached skill level 1 in Evocations
  5756 | D:6      | Noticed a troll
  5770 | D:6      | Killed a troll
  5884 | D:6      | Noticed Menkaure
  5890 | D:6      | Killed Menkaure
  5938 | D:6      | Found a glowing silver altar of Zin.
  6091 | D:7      | Reached * piety under Okawaru
  7151 | D:1      | Bought a scroll of identify for 34 gold pieces
  7151 | D:1      | Bought a dented zirconium amulet for 85 gold pieces
  7158 | D:1      | Bought a bubbling coppery potion for 23 gold pieces
  7171 | D:1      | Bought a scroll of immolation for 44 gold pieces
  7413 | D:4      | Noticed a two-headed ogre
  7424 | D:4      | Killed a two-headed ogre
  7424 | D:4      | Reached ** piety under Okawaru
  7425 | D:4      | Reached skill level 1 in Air Magic
  7425 | D:4      | Reached XP level 10. HP: 57/83 MP: 13/13
  7528 | D:5      | Learned a level 4 spell: Vhi's Electric Charge
  7532 | D:5      | Learned a level 3 spell: Teleport Other
  8033 | D:7      | Reached skill level 5 in Throwing
  8111 | D:8      | Reached skill level 5 in Shields
  8165 | D:8      | Found a burning altar of Makhleb.
  8179 | D:8      | Noticed Prince Ribbit
  8192 | D:8      | Killed Prince Ribbit
  8302 | D:8      | Noticed Consumeair16's ghost (novice GnBe)
  8306 | D:8      | Noticed a gargoyle
  8338 | D:8      | Found a runed translucent gate.
  8338 | D:8      | Found a runed translucent gate.
  8338 | D:8      | Found a runed translucent gate.
  8362 | D:8      | Found a staircase to the Lair.
  9188 | D:8      | Reached *** piety under Okawaru
  9546 | D:8      | Reached **** piety under Okawaru
  9547 | D:8      | Reached skill level 5 in Translocations
  9807 | D:9      | Noticed Jeremiah
  9819 | D:9      | Killed Jeremiah
  9820 | D:9      | Reached skill level 10 in Long Blades
  9840 | D:9      | Noticed a two-headed ogre
  9847 | D:9      | Noticed Joseph
  9858 | D:9      | Killed a two-headed ogre
  9859 | D:9      | Reached XP level 11. HP: 87/89 MP: 14/14
  9897 | D:9      | Killed Joseph
  9897 | D:9      | Reached ***** piety under Okawaru
 10605 | D:9      | Found a white marble altar of Elyvilon.
 10883 | D:10     | Entered Level 10 of the Dungeon
 10987 | D:10     | Found a runed translucent gate.
 10987 | D:10     | Found a runed translucent gate.
 10987 | D:10     | Found a runed translucent gate.
 11043 | D:10     | Found a hide-covered altar of Uskayaw.
 11044 | D:10     | Found a shimmering blue altar of Sif Muna.
 11045 | D:10     | Found a hazy altar of Hepliaklqana.
 11045 | D:10     | Found a basalt altar of Yredelemnul.
 11209 | D:10     | Found a flagged portal.
 11279 | Bailey   | Entered a bailey
 12218 | D:10     | Noticed jkubb29's ghost (novice DsNe)
 12474 | D:10     | Noticed an entropy weaver
 12692 | D:10     | a naga changed into a harpy
 12692 | D:10     | Noticed a harpy (shapeshifter)
 12814 | D:10     | a harpy changed into a wind drake
 12932 | D:10     | Received a gift from Okawaru
 13269 | D:10     | Noticed a five-headed hydra
 13330 | Lair:1   | Entered Level 1 of the Lair of Beasts
 13507 | Lair:1   | Reached skill level 5 in Evocations
 13805 | Lair:1   | Reached skill level 10 in Armour
 13823 | Lair:1   | Reached skill level 10 in Fighting
 14199 | Lair:1   | Reached XP level 12. HP: 84/97 MP: 14/16
 16270 | Lair:1   | Received a gift from Okawaru
 16466 | Lair:2   | Noticed an eight-headed hydra
 16468 | Lair:2   | Found a staircase to the Swamp.
 16485 | Lair:2   | Killed an eight-headed hydra
 16795 | Lair:2   | Found a hole to the Spider Nest.
 17297 | Lair:2   | Noticed an eight-headed hydra
 17330 | Lair:2   | Killed an eight-headed hydra
 18344 | Lair:3   | Received a gift from Okawaru
 18721 | Lair:2   | Gained mutation: You can hop long distances. [Barachi
                  | growth]
 18721 | Lair:2   | Reached XP level 13. HP: 100/106 MP: 19/19
 19276 | Lair:3   | Slain by a cane toad

Illustrated notes

Levels and vault maps discovered:
D:1:      heliophobic_arrival_battle_scene, layout_rooms, serial_shops, shop,
          shop, shop, nicolae_shop_tiny_glass, nicolae_shop_gibbet_a_chance,
          grunt_decor_clamped, chequers_serial_rivers_micro_d
D:2:      layout_basic
D:3:      minmay_roachtagon, layout_loops_cross
D:4:      layout_loops_corners, mainiacjoe_overflow_catch_the_wave,
          vehumet_statue, serial_glass, glass_columns_b, glass_columns_a,
          glass_columns_b, glass_columns_a, glass_columns_c, glass_columns_b,
          minmay_manual_mandibuliform
D:5:      layout_basic, cheibrodos_sewer_entry_drain, uniq_edmund
D:6:      layout_rooms, zin_scriptorium, minmay_temple_entry_slanted,
          chequers_arboretum, st_stairs_12, nrook_mini_backslash, uniq_menkaure
D:7:      layout_layer_cave
D:8:      layout_layer_cave, lemuel_crystal_altar, lair_entry_dummy,
          gammafunk_ghost_split, corexii_hall_statues_t,
          grunt_decor_mini_mirrors, uniq_prince_ribbit1
D:9:      layout_small_grid, lemuel_crystal_altar, minmay_stone_trees_small,
          minmay_misc_feat_diagonals, uniq_jeremiah, uniq_joseph
D:10:     layout_stronghold, chequers_temple_overflow_statue_of_worship,
          gammafunk_ghost_icy, enter_bailey_5, minmay_evil_grid
Temple:   hellmonk_temple_flake
Lair:1:   layout_cave_pods, grunt_megastairs_4, serial_bayou_shore_a,
          infiniplex_staircase_pool
Lair:2:   layout_chaotic_city, swamp_mist_pool, dummy_spider_entry,
          cheibrodos_lair_reptile_den
Lair:3:   layout_cellular_growth

Skill      XL: |  1  2  3  4  5  6  7  8  9 10 11 12 |
---------------+-------------------------------------+-----
Translocations | 4 5 6 |  6.5
Fighting       | 3 8 9 10 11 | 11.1
Long Blades    | 3 4 9 10 11 | 11.8
Armour         | 2 3 8 9 10 | 10.8
Dodging        | 3 5 6 7 8 |  8.3
Throwing       | 4 5 6 |  6.6
Shields        | 2 4 6 8 |  8.8
Evocations     | 2 3 5 6 |  6.6
Air Magic      | 1 2 3 4 |  4.0
Spellcasting   | 4 |  4.4
Stealth        | |  0.2

Action                     |  1- 3 |  4- 6 |  7- 9 | 10-12 | 13-15 || total
---------------------------+-------+-------+-------+-------+-------++-------
  Melee: Falchion          |    98 |    13 |       |       |       ||   111
         Punch             |     1 |     1 |     1 |       |       ||     3
         Dagger            |       |   141 |   605 |    80 |       ||   826
         Short sword       |       |       |       |  1207 |    43 ||  1250
  Throw: Dart              |       |     7 |     9 |    10 |       ||    26
         Boomerang         |       |       |    49 |   131 |    21 ||   201
         Throwing net      |       |       |       |     1 |       ||     1
         Javelin           |       |       |       |     8 |       ||     8
   Cast: Blink             |       |       |     2 |    17 |     2 ||    21
         Vhi's Electric Ch |       |       |       |     2 |       ||     2
         Teleport Other    |       |       |       |     2 |     2 ||     4
 Invoke: Heroism           |       |       |       |     1 |       ||     1
Ability: Hop               |       |     3 |     6 |    14 |     2 ||    25
  Evoke: Wand              |       |       |     4 |    19 |       ||    23
    Use: Potion            |       |     2 |       |    10 |       ||    12
         Scroll            |       |     7 |     2 |    10 |     2 ||    21
   Stab: Invisible         |       |       |     7 |     3 |       ||    10
         Paralysed         |       |       |       |     5 |       ||     5
         Held in net/web   |       |       |       |     1 |       ||     1
 Armour: Leather armour    |    30 |       |       |       |       ||    30
         Ring mail         |    21 |    73 |   228 |   442 |       ||   764
         Scale mail        |       |       |       |   177 |    27 ||   204
  Dodge: Dodged            |    80 |    76 |   229 |   519 |    15 ||   919
  Block: Buckler           |       |       |   218 |   606 |    14 ||   838
         Other             |       |       |     3 |       |       ||     3
         Reflection        |       |       |     2 |    13 |       ||    15
